 Seeded DCSS version 0.28.0-53-g5a82cb258f (webtiles) character file.

Game seed: 13711187600042448966 (custom seed)

37 bwicke the Skirmisher (level 3, -9/31 HPs)
             Began as a Palentonga Fighter on May 29, 2022.
             Mangled by an ogre
             ... wielding a +0 giant spiked club
              (16 damage)
             ... on level 4 of the Dungeon.
             The game lasted 00:03:09 (1061 turns).

bwicke the Skirmisher (Palentonga Fighter)          Turns: 1061, Time: 00:03:11

Health: -9/31      AC:  7    Str: 21    XL:     3   Next: 21%
Magic:  3/3        EV:  7    Int:  8    God:
Gold:   26         SH:  4    Dex:  9    Spells: 2/2 levels left

rFire   . . .      SeeInvis +   a - +0 flail (spect)
rCold   . . .      Faith    .   c - +0 buckler
rNeg    . . .      Spirit   .   b - +0 scale mail
rPois   .          Reflect  .   (no helmet)
rElec   .          Harm     .   (no cloak)
rCorr   .          Rampage  .   h - +0 pair of gloves
Will    .....                   (no barding)
Stlth   ..........              (no amulet)
HPRegen 0.10/turn               (no ring)
MPRegen 0.08/turn               (no ring)

@: no status effects
A: large, rugged brown scales 3, see invisible, deformed body, roll 1, armoured
tail
a: Rolling Charge


You were on level 4 of the Dungeon.
You visited 1 branch of the dungeon, and saw 3 of its levels.

You collected 26 gold pieces.

Inventory:

Hand Weapons
 a - a +0 spectral flail (weapon)
Armour
 b - a +0 scale mail (worn)
 c - a +0 buckler (worn)
 h - a +0 pair of gloves (worn)
Scrolls
 f - a scroll of fog


   Skills:
 + Level 3.5 Fighting
 + Level 2.3 Maces & Flails
 + Level 2.7 Armour
 + Level 2.7 Shields


You had 2 spell levels left.
You didn't know any spells.
Your spell library was empty.

Dungeon Overview and Level Annotations

Branches:
Dungeon (2/15)

Altars:


Innate Abilities, Weirdness & Mutations

You are completely covered in rugged brown scales. (AC +3, +7% HP)
You have supernaturally acute eyesight. (SInv)
Armour fits poorly on your strangely shaped body.
You can roll at nearby foes to attack.
You have a long armoured tail.


Message History

Unknown command.
You aren't carrying any potions.
As you read the scroll labelled PYMEQA DASECY, it crumbles to dust.
It is a scroll of identify.
f - a scroll of fog The howler monkey hoots and howls with incredible vigour!
The endoplasm freezes you.
You are frozen.
The howler monkey barely misses you.
As you read the scroll labelled YSMONK YTEL, it crumbles to dust.
It is a scroll of brand weapon.
Your +0 flail acquires a faint afterimage.
a - a +0 spectral flail (weapon)
The howler monkey hits you but does no damage.
The endoplasm hits you.
As you read the scroll labelled LEDEAL FUAD, it crumbles to dust.
Wisps of shadow whirl around you...
It was a scroll of summoning.
The howler monkey closely misses you.
The ogre hits you with a +0 giant spiked club.
* * * LOW HITPOINT WARNING * * *
The endoplasm freezes you.
You are frozen.
* * * LOW HITPOINT WARNING * * *
An adder skeleton comes into view.
The howler monkey completely misses you.
Your hound bites the endoplasm but does no damage.
Your goblin hits the ogre but does no damage.
A hobgoblin comes into view.
The howler monkey barely misses you.
An orc comes into view. It is wielding a +0 dagger.
Your goblin barely misses the ogre.
You aren't carrying any potions.
Unknown command.
You sock the endoplasm!
You kill the endoplasm!
Your hound bites the ogre.
The howler monkey hoots and howls with incredible vigour! x2
Your goblin closely misses the howler monkey.
The ogre hits you with a +0 giant spiked club!
Ouch! That really hurt!
You die...

.... #... +... ###### .
#... #....##....
#...##........>
#.............
..##.................#
.go....@Oh....?......##.
........h....Z..........
.......##g...##.........
####... #....##.........
#... #...............
..... #...............
...... #...............
...... +............##
#............#


You could see an ogre (ally target), a howler monkey, an orc, a hobgoblin, an
adder skeleton, a friendly hound (summoned) and a friendly goblin (summoned).

Vanquished Creatures
  An adder (D:2)
  An adder skeleton (D:4)
  2 bats (D:1)
  3 endoplasms
  5 giant cockroaches (D:1)
  3 hobgoblins (D:1)
  2 kobolds
  A ball python (D:1)
  3 frilled lizards
  3 rats (D:1)
24 creatures vanquished.

Notes
Turn   | Place    | Note
-------+----------+-------------------------------------------
     0 | D:1      | bwicke the Palentonga Fighter began the quest for the Orb.
     0 | D:1      | Reached XP level 1. HP: 19/19 MP: 1/1
   127 | D:1      | Reached XP level 2. HP: 20/25 MP: 2/2
   939 | D:2      | Reached XP level 3. HP: 25/31 MP: 3/3
  1023 | D:2      | You fall into a shaft and drop 2 floors!
  1053 | D:4      | Noticed an ogre
  1061 | D:4      | Mangled by an ogre

Illustrated notes

Levels and vault maps discovered:
D:1:      ebering_trefoil_3fold, layout_loops_cross, minmay_worlds_worst_comb
D:2:      layout_loops_corners, shapermc_ecumenical_altar_hornbeckon
D:4:      layout_gridville, uniq_natasha

Action                   || total
-------------------------++-------
Melee: Flail             ||    59
       Tailslap          ||     7
 Abil: Rolling Charge    ||    15
  Use: Potion            ||     1
       Scroll            ||     3
Armor: Scale mail        ||    47
Dodge: Dodged            ||    30
Block: Buckler           ||    19
